 Dungeon Crawl Stone Soup version 0.28-a0-1555-g9ae15a6949 (webtiles) character file.

Game seed: 12362124669353932614

131 kae the Insei (level 4, -5/36 HPs)
             Began as a Draconian Transmuter on Jan 18, 2022.
             Slain by a gnoll shaman (11 damage)
             ... on level 5 of the Dungeon.
             The game lasted 00:01:11 (2802 turns).

kae the Insei (Draconian Transmuter)                Turns: 2802, Time: 00:01:12

Health: -5/36      AC:  2    Str: 12    XL:     4   Next: 91%
Magic:  2/7        EV: 19    Int: 15    God:
Gold:   87         SH:  0    Dex: 17    Spells: 3/7 levels left

rFire   . . .      SeeInvis .     - Unarmed
rCold   . . .      Faith    .   (shield currently unavailable)
rNeg    . . .      Spirit   .   (armour unavailable)
rPois   x          Reflect  .   (helmet currently unavailable)
rElec   .          Harm     .   (cloak currently unavailable)
rCorr   .          Rampage  .   (gloves currently unavailable)
Will    .....                   (boots currently unavailable)
Stlth   ++........              (no amulet)
HPRegen 0.12/turn               (no ring)
MPRegen 0.10/turn               (no ring)

@: spider-form (expiring), very slightly contaminated
A: venomous fangs, AC +5, tiny, unfitting armour, (cold-blooded)
a: End Transformation


You were on level 5 of the Dungeon.
You were a venomous arachnid creature.
You visited 1 branch of the dungeon, and saw 4 of its levels.

You collected 87 gold pieces.

Inventory:

Scrolls
 c - a scroll of magic mapping
Potions
 d - a potion of curing {unknown}


   Skills:
 + Level 2.0 Fighting
 + Level 2.3 Dodging
 * Level 3.8 Unarmed Combat
 + Level 2.4 Spellcasting
 * Level 3.1 Transmutations
 * Level 1.0 Poison Magic


You had 3 spell levels left.
You knew the following spells:

 Your Spells              Type           Power      Damage    Failure   Level
a - Beastly Appendage     Tmut           22%        N/A       17%         1
b - Spider Form           Tmut/Pois      8%         N/A       47%         3

Your spell library contained the following spells:

 Spells                   Type           Power      Damage    Failure   Level
 Wereblood                Tmut           11%        N/A       22%         2
 Ice Form                 Ice/Tmut       6%         N/A       88%         4


Dungeon Overview and Level Annotations

Branches:
Dungeon (3/15)

Altars:

Shops:
D:2 =


Innate Abilities, Weirdness & Mutations

You are a venomous arachnid creature.
You have poisonous fangs.
You are tiny and dextrous.
Your spellcasting is less reliable in this form.
Your armour is entirely melded.
You are incapable of wielding weapons or throwing items.
((Your plain brown scales are hard. (AC +5)))
You cannot fit into any form of body armour.
((You are cold-blooded and may be slowed by cold attacks.))


Message History

The gnoll barely misses you.
You barely miss the gnoll.
The gnoll is heavily wounded.
Your transformation is almost over.
The gnoll hits you with a +0 spear!
You hit the gnoll.
You kill the gnoll!
Your Fighting skill increases to level 2!
Your Poison Magic skill increases to level 1!
Things that are here:
a +0 spear; a gnoll corpse You hit the gnoll shaman but do no damage.
The gnoll shaman hits you with a +0 whip!
A gnoll comes into view. It is wielding a +0 club.
You barely miss the gnoll shaman.
The gnoll shaman hits you with a +0 whip.
The gnoll shouts!
You hit the gnoll shaman.
The gnoll shaman is moderately wounded.
You hear a shout!
The gnoll shaman completely misses you.
You hit the gnoll shaman but do no damage.
The gnoll shaman is poisoned.
The gnoll shaman is moderately wounded.
The gnoll shaman completely misses you.
You hit the gnoll shaman but do no damage.
The gnoll shaman looks even sicker.
The gnoll shaman is moderately wounded.
The gnoll shaman misses you.
A gnoll comes into view. It is wielding a +0 halberd.
You hit the gnoll shaman.
The gnoll shaman looks as sick as possible!
The gnoll shaman is heavily wounded.
The gnoll shaman hits you with a +0 whip.
* * * LOW HITPOINT WARNING * * *
You hit the gnoll shaman but do no damage.
The gnoll shaman looks as sick as possible!
The gnoll shaman is heavily wounded.
The gnoll shaman hits you with a +0 whip!
You die...

.!.g....#...#
...g........#
g######.#...#
#.##g##
#.##.# ..##.#
####g# #g#
#s# #)# ##.##
##...#
####....#
+.......#
####....#
##.#.# ###.#


You could see a gnoll shaman (extremely poisoned) and 2 gnolls.

Vanquished Creatures
  A killer bee zombie (D:5)
  7 gnolls
  A dart slug (D:1)
  3 endoplasms (D:2)
  A giant cockroach (D:2)
  2 goblins
  4 hobgoblins
  3 jackals (D:1)
  2 quokkas
  A ball python (D:2)
  7 bats
  5 frilled lizards (D:1)
  4 kobolds
41 creatures vanquished.

Notes
Turn   | Place    | Note
-------+----------+-------------------------------------------
     0 | D:1      | kae the Draconian Transmuter began the quest for the Orb.
     0 | D:1      | Reached XP level 1. HP: 16/16 MP: 3/3
   367 | D:1      | Reached XP level 2. HP: 23/23 MP: 3/5
   390 | D:1      | Found a faded altar of an unknown god.
  1377 | D:2      | Reached XP level 3. HP: 21/28 MP: 4/6
  1389 | D:2      | HP: 1/29 [gnoll (5)]
  1654 | D:2      | Learned a level 3 spell: Spider Form
  1661 | D:2      | Reached XP level 4. HP: 34/36 MP: 5/7
  1714 | D:2      | Found Kubb's Jewellery Shop.
  2562 | D:3      | You fall into a shaft and drop 2 floors!
  2562 | D:5      | Entered Level 5 of the Dungeon
  2795 | D:5      | Reached skill level 1 in Poison Magic
  2802 | D:5      | Slain by a gnoll shaman

Illustrated notes

Levels and vault maps discovered:
D:1:      dpeg_arrival_houses_and_road, layout_loops_corners,
          hellmonk_ecumenical_altar_crossroads
D:2:      layout_loops_corners, serial_shops, shop
D:3:      layout_loops_ring
D:5:      layout_loops_corners, mainiacjoe_overflow_paths, uniq_menkaure,
          uniq_crazy_yiuf_cottage, uniq_grinder

Skill      XL: |  1  2  3  4 |
---------------+-------------+-----
Dodging        | 2 |  2.3
Transmutations | 3 |  3.1
Fighting       | 2 |  2.0
Poison Magic   | 1 |  1.0
Unarmed Combat | |  3.8
Spellcasting   | |  2.4

Action                   |  1- 3 |  4- 6 || total
-------------------------+-------+-------++-------
Melee: Unarmed           |    88 |    46 ||   134
       Headbutt          |    13 |       ||    13
       Kick              |    12 |     4 ||    16
       Tailslap          |     8 |     3 ||    11
 Cast: Beastly Appendage |    21 |     8 ||    29
       Spider Form       |       |     1 ||     1
  Use: Scroll            |     1 |     3 ||     4
       Potion            |     3 |       ||     3
 Stab: Sleeping          |       |     1 ||     1
Armor: Skin              |    18 |    10 ||    28
Dodge: Dodged            |    69 |    33 ||   102

Table legend: (Time is in decaauts)
 A = Elapsed time spent in this place.
 B = Non-inter-level travel time spent in this place.
 C = Inter-level travel time spent in this place.
 D = Time resting spent in this place.
 E = Time spent auto-exploring this place.
 F = Levels seen in this place.
 G = Mean time per level.
                   A        B        C        D        E       F      G
               +--------+--------+--------+--------+--------+-----+--------+
         Total |   2793 |   2751 |     42 |    108 |   2298 |   4 |  698.2 |
       Dungeon |   2793 |   2751 |     42 |    108 |   2298 |   4 |  698.2 |
               +--------+--------+--------+--------+--------+-----+--------+

Top non-repeatable levels by time:
     D:2: 1308 daAuts
     D:1: 1162 daAuts
     D:5: 238 daAuts
     D:3: 84 daAuts
